 Dungeon Crawl Stone Soup version 0.31-a0-595-g4209ae197b (webtiles) character file.

Game seed: 3896988741257340575

80 AdnanSaban the Shield-Bearer (level 4, 0/29 HPs)
             Began as a Gargoyle Fighter on Aug 20, 2023.
             Slain by a gnoll
             ... wielding a +0 flail
              (3 damage)
             ... on level 3 of the Dungeon.
             The game lasted 00:01:41 (1366 turns).

AdnanSaban the Shield-Bearer (Gargoyle Fighter)     Turns: 1366, Time: 00:01:42

Health: 0/29       AC: 11    Str: 21    XL:     4   Next: 39%
Magic:  4/4        EV:  9    Int:  9    God:
Gold:   64         SH:  4    Dex:  9    Spells: 3/3 levels left

rFire   . . .        a - +0 flail
rCold   . . .        c - +0 buckler
rNeg    + . .        b - +0 scale mail
rPois   ∞            (no helmet)
rElec   +            (no cloak)
rCorr   .            o - +0 pair of gloves
SInv    .            (no boots)
Will    .....        (no amulet) Stlth
                     (no ring)
HPRegen 0.24/turn    (no ring)
MPRegen 0.09/turn

%: no passive effects
@: no status effects
A: sickness immunity, AC +3, negative energy resistance 1, electricity
resistance, torment resistance 1, petrification resistance
a: no special abilities


You were on level 3 of the Dungeon.
You visited 1 branch of the dungeon, and saw 3 of its levels.

You collected 64 gold pieces.

Inventory:

Hand Weapons
 a - a +0 flail (weapon)
Armour
 b - a +0 scale mail (worn)
 c - a +0 buckler (worn)
 o - a +0 pair of gloves (worn)
Jewellery
 f - a ring of fire
Scrolls
 g - 3 scrolls of teleportation {unknown}
 h - a scroll of blinking {unknown}
 i - a scroll of brand weapon {unknown}
 j - a scroll of silence {unknown}
 k - a scroll of poison {unknown}
 m - a scroll of fog {unknown}
 n - 2 scrolls of fear {unknown}
 q - a scroll of identify {unknown}
 r - a scroll of noise {unknown}
Potions
 d - a potion of might
 e - a potion of attraction {unknown}
 l - a potion of curing {unknown}
 p - 2 potions of brilliance {unknown}


   Skills:
 + Level 3.7 Fighting
 + Level 3.0 Maces & Flails
 + Level 3.9 Armour
 + Level 0.4 Dodging
 + Level 3.9 Shields


You had 3 spell levels left.
You didn't know any spells.
Your spell library was empty.

Dungeon Overview and Level Annotations

Branches:
Dungeon (3/15)

Altars:


Innate Abilities, Weirdness & Mutations

You are immune to sickness and miasma.
Your stone body is resilient. (AC +3)
You are immune to poison.
You resist negative energy. (rN+)
You are resistant to electric shocks. (rElec)
You are resistant to unholy torment.
You are immune to petrification.


Message History

The gnoll is lightly wounded.
You block the quokka's attack. The gnoll hits you but does no damage.
You block the gnoll's attack. The gnoll hits you but does no damage.
The quokka barely misses you. The gnoll closely misses you. x2
The gnoll completely misses you.
You hit the gnoll but do no damage.
The gnoll is lightly wounded.
The quokka barely misses you. The gnoll hits you but does no damage.
The gnoll closely misses you. You block the gnoll's attack.
You hit the gnoll.
The gnoll is heavily wounded.
You block the quokka's attack.
The gnoll hits you from afar with a +0 halberd!
The gnoll hits you with a +0 flail. The gnoll barely misses you.
You block the quokka's attack.
You are too injured to fight recklessly!
You are too injured to fight recklessly!
You are too injured to fight recklessly!
You are too injured to fight recklessly!
You are too injured to fight recklessly!
You are too injured to fight recklessly!
You are too injured to fight recklessly!
You are too injured to fight recklessly!
You are too injured to fight recklessly!
You are too injured to fight recklessly!
You are too injured to fight recklessly!
You are too injured to fight recklessly!
You are too injured to fight recklessly!
You are too injured to fight recklessly!
You are too injured to fight recklessly!
You are too injured to fight recklessly!
You are too injured to fight recklessly!
Unknown command.
The gnoll hits you but does no damage. The gnoll attacks as it pursues you!
You block the gnoll's attack. The gnoll attacks as it pursues you!
The gnoll hits you with a +0 flail. The gnoll attacks as it pursues you!
The gnoll hits you with a +0 flail!
* * * LOW HITPOINT WARNING * * *
The gnoll attacks as it pursues you! The gnoll hits you with a +0 flail.
You die...

#.# .....#
#######.###g....#
#.........g.....#
.#####g###.....#
###.#####.#
.....#
.........g##
######
###.####...# #.#
#.g.# #.# #.@.#
#^ #.# ##.######
#.# #.# #......#
#.# #.# #.####.#
#.# #.# #.#
#.###.#####.#
#........##.#
#........##.#
##........##.#


You could see 3 gnolls.

Vanquished Creatures
  2 adders (D:2)
  9 endoplasms
  4 giant cockroaches
  4 goblins
  7 hobgoblins
  A quokka (D:1)
  8 ball pythons
  9 bats
  A frilled lizard (D:2)
  6 kobolds
  6 rats
57 creatures vanquished.

Notes
Turn   | Place    | Note
-------+----------+-------------------------------------------
     0 | D:1      | AdnanSaban the Gargoyle Fighter began the quest for the
                  | Orb.
     0 | D:1      | Reached XP level 1. HP: 14/14 MP: 1/1
   124 | D:1      | Reached XP level 2. HP: 11/19 MP: 2/2
   356 | D:1      | Reached XP level 3. HP: 22/23 MP: 3/3
   920 | D:2      | Reached XP level 4. HP: 29/29 MP: 4/4
  1366 | D:3      | Slain by a gnoll

Illustrated notes

Levels and vault maps discovered:
D:1:      scummos_arrival_gate, layout_basic
D:2:      layout_rooms, dk_noncrumbling_3, minmay_tetromino_o2
D:3:      layout_loops_ring, nicolae_overflow_crystal_walls,
          nicolae_overflow_two_pavilions, moated_statue, hellmonk_no_cap

Skill      XL: |  1  2  3  4 |
---------------+-------------+-----
Maces & Flails | 3 |  3.0
Fighting       | |  3.7
Armour         | |  3.9
Dodging        | |  0.4
Shields        | |  3.9

Action                     |  1- 3 |  4- 6 || total
---------------------------+-------+-------++-------
  Melee: Flail             |   123 |    36 ||   159
 Armour: Scale mail        |    73 |    17 ||    90
  Dodge: Dodged            |    70 |    23 ||    93
  Block: Buckler           |    33 |    19 ||    52

Table legend: (Time is in decaauts)
 A = Elapsed time spent in this place.
 B = Non-inter-level travel time spent in this place.
 C = Inter-level travel time spent in this place.
 D = Time resting spent in this place.
 E = Time spent auto-exploring this place.
 F = Levels seen in this place.
 G = Mean time per level.
                   A        B        C        D        E       F      G
               +--------+--------+--------+--------+--------+-----+--------+
         Total |   1416 |   1378 |     38 |      0 |    962 |   3 |  472.0 |
       Dungeon |   1416 |   1378 |     38 |      0 |    962 |   3 |  472.0 |
               +--------+--------+--------+--------+--------+-----+--------+

Top non-repeatable levels by time:
     D:1: 750 daAuts
     D:2: 578 daAuts
     D:3: 87 daAuts
